Description

This build order is really strong against most of standard playstyle. You open with a standard 2-Gates sentry/stalker expand then you add the robotic. After scouting your opponent, add your Forge+twilight council to reach a timing attack at 7min.

Notes :

  • Stay on a standard build order as long as possible to don't show your build order too soon. The opponent will have less time to react
  • Keep in mind that you will be scout. At the moment, PvP is reactive oriented with many scout
  • Don't take the gas on your natural
  • Keep your sentries for Force fields
  • The 7min mark timing is really strong: If your opponent did an expand: You win.
  • Against distruptors don't forget to split your army
  • You can send 7 adepts in the main base of your opponent to force a split

VOD

https://youtu.be/xU2Yt_1tKGA

Replay - putnik v zuka - Port Aleksander LE

Build Order

Get SALT Encoding   

  12  0:01  Probe  
  13  0:13  Probe  
  14  0:18  Pylon  
  14  0:22  Probe  
  15  0:32  Probe  
  15  0:39  Gateway  
  15  0:42  Probe  
  16  0:48  Assimilator  
  17  0:53  Probe  
  18  0:58  Assimilator  
  18  1:01  Probe  
  18  1:10  Probe  
  19  1:13  Gateway  
  20  1:22  Probe  
  21  1:30  Cybernetics Core  
  21  1:34  Probe  
  22  1:42  Pylon  
  23  1:59  Warp Gate  
  24  2:07  Stalker  
  24  2:08  Sentry  
  29  2:17  Pylon  
  28  2:34  Stalker x2  
  32  3:00  Nexus  
  32  3:11  Robotics Facility  
  35  3:35  Pylon  
  35  3:43  Shield Battery  
  36  3:53  Pylon, Immortal  
  43  4:20  Forge  
  44  4:26  Sentry  
  48  4:32  Observer  
  48  4:36  Protoss Ground Weapons Level 1  
  53  5:03  Twilight Council  
  53  5:05  Immortal  
  59  5:17  Gateway  
  58  5:26  Resonating Glaives  
  58  5:30  Gateway x2  
  58  5:35  Adept x2  
  60  5:38  Gateway  
  62  5:51  Gateway  
  62  5:56  Warp Prism  
  64  5:57  Gateway  
  64  6:06  Adept x2  
  68  6:13  Adept  
  70  6:27  Adept x4  
  78  6:41  Adept  
Spawning Tool Build Advisor. Get it on Overwolf

Go to:

Details

  • Created by: zuka      
  • Published on: Feb 15, 2019
  • Modified on: Feb 22, 2019
  • Patch: 4.7.1
Show
View Real Time Build Order
Export as new Build Order

Comments (0)

There are no comments. Be the first!

Create an account to comment!